 Dungeon Crawl Stone Soup version 0.29.0-4-gdea44cf6ec (webtiles) character file.

Game seed: 10904891634391484162

3502 qw the Cleaver (level 10, -7/59 HPs)
             Began as a Tengu Warper on Aug 28, 2022.
             Was a Priest of Okawaru.
             Mangled by a vampire (8 damage)
             ... on level 9 of the Dungeon.
             The game lasted 00:00:55 (8610 turns).

qw the Cleaver (Tengu Warper)                       Turns: 8610, Time: 00:00:55

Health: -7/59      AC: 18    Str: 25    XL:     10   Next: 7%
Magic:  14/14      EV: 10    Int: 14    God:    Okawaru [***...]
Gold:   149        SH:  5    Dex: 13    Spells: 13/13 levels left

rFire   . . .      SeeInvis .   s - +0 war axe
rCold   . . .      Faith    .   (no shield)
rNeg    . . .      Spirit   .   j - +0 plate armour
rPois   +          Reflect  +   (helmet restricted)
rElec   .          Harm     .   d - +2 cloak
rCorr   .          Rampage  .   b - +1 pair of gloves {Str+3}
Will    .....                   (boots unavailable)
Stlth   ..........              e - amulet of reflection
HPRegen 0.19/turn               h - ring of poison resistance
MPRegen 0.14/turn               t - +6 ring of strength

@: flying quickly and evasively, quick
A: beak, talons 3, nimble flight, mutation resistance 1, shaggy fur 1
a: Renounce Religion, Heroism


You were on level 9 of the Dungeon.
You worshipped Okawaru.
Okawaru was most pleased with you.
You visited 1 branch of the dungeon, and saw 9 of its levels.

You collected 451 gold pieces.
You spent 302 gold pieces at shops.


Innate Abilities, Weirdness & Mutations

You have a beak for a mouth.
You have claws for feet.
Your magical nature lets you fly swiftly and evasively.
You are somewhat resistant to further mutation.
You are covered in fur. (AC +1)


   Skills:
 - Level 5.3 Fighting
 - Level 12.0 Axes
 - Level 1.0 Throwing
 + Level 5.1 Armour
 - Level 4.1 Dodging
 - Level 2.0 Spellcasting
 - Level 2.4 Translocations
 - Level 4.0 Invocations


You had 13 spell levels left.
You didn't know any spells.
Your spell library contained the following spells:

 Spells                   Type           Power      Damage    Failure   Level
 Blink                    Tloc           16%        N/A       88%         2
 Gell's Gravitas          Tloc           8%         N/A       98%         3
 Lesser Beckoning         Tloc           8%         N/A       98%         3
 Teleport Other           Tloc           8%         N/A       98%         3
 Manifold Assault         Tloc           8%         N/A       100%        5

Inventory:

Hand Weapons
 a - a +2 morningstar of protection
 s - a +0 war axe (weapon)
Armour
 b - a +1 pair of gloves of strength (worn)
 d - a +2 cloak (worn)
 j - a +0 plate armour (worn)
 n - the +3 ring mail of Farpham {-Tele rElec rPois Str+6}
   (You found it on level 7 of the Dungeon)

   Str:       It affects your strength (+6).
   rElec:     It insulates you from electricity.
   rPois:     It protects you from poison.
   -Tele:     It prevents most forms of teleportation.
Jewellery
 e - an amulet of reflection (around neck)
 h - a ring of poison resistance (left hand)
 t - a +6 ring of strength (right hand)
 Y - a +6 ring of dexterity
Scrolls
 f - 8 scrolls of teleportation
 l - a scroll of identify
Potions
 c - a potion of might
 g - 2 potions of haste
 i - 2 potions of curing
 m - a potion of mutation
 q - a potion of cancellation
 r - a potion of heal wounds

Dungeon Overview and Level Annotations

Branches:
Dungeon (9/15)             Temple (0/1) D:6
   Lair: D:8-11         Orc: D:9-12

Altars:
Cheibriados
Dithmenos
Fedhas
Gozag
Kikubaaqudgha
Okawaru
Qazlal
Ru
Sif Muna
Trog
Vehumet
Xom
Zin
The Shining One

Shops:
D:1 [::(   D:4 *   D:6 [??*


Message History

You slash something! Something hits you. Something bites you.
Something draws strength from your injuries!
You barely miss something. Your peck misses something. Something hits you.
Something bites you but does no damage.
You closely miss something. You claw something.
Something hits you but does no damage. Something bites you!
Something draws strength from your injuries!
You closely miss something. Your peck misses something.
Something hits you but does no damage. Something bites you.
Something draws strength from your injuries!
You closely miss something. You claw something. Your peck misses something.
You barely miss something. Your peck misses something.
Something hits you but does no damage. Something bites you but does no damage.
You closely miss something. Your kick misses something.
Your peck misses something.
You hear some strange, mumbled words.
You are confused.
8604 ||| DRINKING 4 potions of curing.
You feel better.
8604 ||| (to cure confusion)
Something hits you! Something bites you but does no damage.
You hit something but do no damage. You claw something. You peck something.
Something draws life force from you!!
You barely miss something. You claw something.
You hear some strange, mumbled words.
You are confused.
8607 ||| DRINKING 3 potions of curing.
You feel better.
8607 ||| (to cure confusion)
Something hits you but does no damage. Something bites you!
Something draws strength from your injuries!
You closely miss something. Your kick misses something.
Something hits you but does no damage. Something bites you.
Something draws strength from your injuries!
You slash something! You claw something. You peck something.
You punch something. Something hits you! Something bites you.
Something draws strength from your injuries!
You barely miss something. You claw something. Something hits you!
You die...

## #. ##.###
#....#
#....#######
#....{......
#...@#
#....#
#....#
#....#
#....#
#....#
##.### #..#
###+##
####'####
#....#


There were no monsters in sight!

Vanquished Creatures
  Maurice (D:8)
  Maggie (D:8)
  A steam dragon (D:6)
  An ice beast (D:6)
  An orc warrior (D:8)
  2 black bears
  2 ogres
  5 centaurs
  2 phantoms
  2 kobold brigands
  3 bullfrogs
  3 scorpions
  A necrophage (D:6)
  3 howler monkeys (D:7)
  2 vampire bats (D:7)
  2 electric eels (D:6)
  4 hounds
  5 orc priests
  A gnoll bouda (D:6)
  5 iguanas
  2 jellies
  5 orc wizards
  7 gnolls (D:6)
  3 adders
  2 white imps
  An ufetubus (D:6)
  3 worms
  4 dart slugs
  23 orcs
  7 bats
  2 bat skeletons (D:7)
  4 bat zombies (D:7)
  7 endoplasms
  4 giant cockroaches
  9 goblins
  2 hobgoblins
  5 jackals
  18 kobolds
  5 quokkas
  8 ball pythons
  4 frilled lizards
  5 rats
177 creatures vanquished.

Vanquished Creatures (others)
  A wizard (D:4)
  A plant (D:6)
2 creatures vanquished.

Grand Total: 179 creatures vanquished

Notes
Turn   | Place    | Note
-------+----------+-------------------------------------------
     0 | D:1      | qw the Tengu Warper began the quest for the Orb.
     0 | D:1      | Reached XP level 1. HP: 12/12 MP: 4/4
     0 | D:1      | 0 ||| qw: Version: 0.1-a-89-g26bdef1
     0 | D:1      | 0 ||| qw: Game counter: 1652
     0 | D:1      | 0 ||| qw: Always use a shield: true
     0 | D:1      | 0 ||| qw: God list: Okawaru
     0 | D:1      | 0 ||| qw: Allow faded altars: false
     0 | D:1      | 0 ||| qw: Do Orc after D:15 true
     0 | D:1      | 0 ||| qw: Do second Lair branch before Depths: true
     0 | D:1      | 0 ||| qw: Lair rune preference: random
     0 | D:1      | 0 ||| qw: Plans: Normal
     0 | D:1      | 0 ||| PLANNING D:1-11
   184 | D:1      | Reached XP level 2. HP: 17/17 MP: 6/6
   209 | D:1      | Reached skill level 3 in Axes
   228 | D:1      | Found Quujih's Armour Emporium.
   235 | D:1      | 235 ||| SHOPLISTING +0 chain mail (45 gold, have 9).
   318 | D:1      | Found Jowuc's Book Shop.
   331 | D:1      | 331 ||| UPGRADING to +0 scale mail.
   341 | D:1      | 341 ||| DROPPING +0 leather armour.
   342 | D:1      | 342 ||| DROPPING +0 ring mail.
   538 | D:1      | Found Plog's Book Boutique.
   542 | D:1      | 542 ||| Stepping ~*~*~tactically~*~*~ (stealth).
   548 | D:1      | 548 ||| Stepping ~*~*~tactically~*~*~ (stealth).
   662 | D:1      | Found Qodyjoz's Antique Weapon Emporium.
   671 | D:1      | Reached XP level 3. HP: 21/21 MP: 7/7
   675 | D:1      | 675 ||| SHOPLISTING runed hand axe (132 gold, have 22).
   675 | D:1      | 675 ||| SHOPLISTING runed war axe (143 gold, have 22).
   675 | D:1      | 675 ||| SHOPLISTING war axe (77 gold, have 22).
   712 | D:1      | 712 ||| READING scroll labelled NAHAPH SAEPYMP.
   713 | D:1      | 713 ||| READING scroll labelled LORRE QISKA.
   714 | D:1      | 714 ||| READING 2 scrolls labelled ABYHUO TELAG.
   719 | D:1      | 719 ||| READING scroll labelled FOOKU LOTZEARESTRA.
   720 | D:1      | 720 ||| DRINKING 3 sapphire potions.
   721 | D:1      | 721 ||| DROPPING scroll of blinking.
   831 | D:2      | 831 ||| Stepping ~*~*~tactically~*~*~ (stealth).
   840 | D:2      | Reached skill level 4 in Axes
  1004 | D:2      | 1004 ||| FLEEEEING.
  1905 | D:3      | Reached XP level 4. HP: 26/26 MP: 8/8
  2032 | D:3      | 2032 ||| Stepping ~*~*~tactically~*~*~ (stealth).
  2056 | D:3      | 2056 ||| Stepping ~*~*~tactically~*~*~ (stealth).
  2059 | D:3      | 2059 ||| Stepping ~*~*~tactically~*~*~ (stealth).
  2090 | D:3      | 2090 ||| Stepping ~*~*~tactically~*~*~ (stealth).
  2094 | D:3      | 2094 ||| Stepping ~*~*~tactically~*~*~ (stealth).
  2605 | D:3      | Found a faded altar of an unknown god.
  2669 | D:3      | 2669 ||| UPGRADING to +0 pair of gloves of strength.
  2674 | D:3      | 2674 ||| UPGRADING to +0 chain mail.
  2684 | D:3      | 2684 ||| DROPPING +0 scale mail.
  2685 | D:3      | 2685 ||| UPGRADING to amulet of reflection.
  2690 | D:3      | 2690 ||| READING 2 scrolls labelled QULOTE AJALO.
  2691 | D:3      | 2691 ||| READING scroll labelled LONWAW CIUMOU.
  2692 | D:3      | 2692 ||| DRINKING 2 fuming ruby potions.
  2692 | D:3      | Gained mutation: You are somewhat resistant to further
                  | mutation. [potion of mutation]
  2692 | D:3      | Gained mutation: You are covered in fur. (AC +1) [potion of
                  | mutation]
  2693 | D:3      | 2693 ||| DROPPING scroll of vulnerability.
  2741 | D:4      | Found an iron altar of Okawaru.
  2746 | D:4      | Became a worshipper of Warmaster Okawaru
  2786 | D:4      | Reached skill level 5 in Axes
  2786 | D:4      | 2786 ||| Stepping ~*~*~tactically~*~*~ (stealth).
  2795 | D:4      | 2795 ||| Stepping ~*~*~tactically~*~*~ (stealth).
  2796 | D:4      | 2796 ||| Stepping ~*~*~tactically~*~*~ (stealth).
  2797 | D:4      | 2797 ||| FLEEEEING.
  2798 | D:4      | 2798 ||| FLEEEEING.
  2799 | D:4      | 2799 ||| FLEEEEING.
  2963 | D:4      | Found a sacrificial altar of Ru.
  3128 | D:4      | Gained mutation: Your magical nature lets you fly swiftly
                  | and evasively. [Tengu growth]
  3128 | D:4      | Reached XP level 5. HP: 29/30 MP: 9/9
  3196 | D:4      | Found a stormy altar of Qazlal.
  3196 | D:4      | Found a radiant altar of Vehumet.
  3360 | D:4      | Found a blossoming altar of Fedhas.
  3368 | D:4      | 3368 ||| Stepping ~*~*~tactically~*~*~ (hiding).
  3372 | D:4      | Noticed an ogre
  3382 | D:4      | Killed an ogre
  3383 | D:4      | Reached skill level 6 in Axes
  3383 | D:4      | Reached XP level 6. HP: 12/35 MP: 10/10
  3417 | D:4      | 3417 ||| FLEEEEING.
  3476 | D:4      | 3476 ||| FLEEEEING.
  3598 | D:4      | Found Fegh's Assorted Antiques.
  3601 | D:4      | 3601 ||| BUYING 3 scrolls labelled JONTIA WAGULI (78 gold).
  3601 | D:4      | Bought 3 scrolls labelled JONTIA WAGULI for 78 gold pieces
  3601 | D:4      | 3601 ||| BUYING granite ring (130 gold).
  3601 | D:4      | Bought a granite ring for 130 gold pieces
  3601 | D:4      | 3601 ||| SHOPLISTING lumpy silvery potion (23 gold, have
                  | 16).
  3601 | D:4      | 3601 ||| SHOPLISTING scroll labelled FIDUTE AMALOHORR (26
                  | gold, have 16).
  3601 | D:4      | 3601 ||| SHOPLISTING scroll of teleportation (78 gold, have
                  | 16).
  3848 | D:4      | Found an opulent altar of Gozag.
  3897 | D:4      | Found a shimmering altar of Xom.
  3898 | D:4      | 3898 ||| DRINKING 4 potions of curing.
  3898 | D:4      | 3898 ||| (to cure confusion)
  3899 | D:4      | 3899 ||| Stepping ~*~*~tactically~*~*~ (hiding).
  3900 | D:4      | 3900 ||| Stepping ~*~*~tactically~*~*~ (hiding).
  3904 | D:4      | 3904 ||| Stepping ~*~*~tactically~*~*~ (hiding).
  3908 | D:4      | 3908 ||| Stepping ~*~*~tactically~*~*~ (hiding).
  3909 | D:4      | 3909 ||| Stepping ~*~*~tactically~*~*~ (hiding).
  3910 | D:4      | 3910 ||| Stepping ~*~*~tactically~*~*~ (hiding).
  3939 | D:4      | 3939 ||| DROPPING +0 whip.
  3997 | D:4      | Reached skill level 7 in Axes
  4004 | D:4      | Reached * piety under Okawaru
  4051 | D:4      | Found a bloodstained altar of Trog.
  4054 | D:4      | Noticed a wizard
  4059 | D:4      | Killed a wizard
  4129 | D:4      | 4129 ||| UPGRADING to +0 cloak.
  4134 | D:4      | 4134 ||| DROPPING amulet of guardian spirit.
  4135 | D:4      | 4135 ||| UPGRADING to +6 ring of dexterity.
  4136 | D:4      | 4136 ||| UPGRADING to ring of resist corrosion.
  4137 | D:4      | 4137 ||| READING scroll labelled POAGISU VOYKH.
  4138 | D:4      | 4138 ||| READING 3 scrolls labelled JONTIA WAGULI.
  4139 | D:4      | 4139 ||| READING 3 scrolls labelled NIANGI BESA.
  4140 | D:4      | 4140 ||| READING 2 scrolls of brand weapon.
  4140 | D:4      | 4140 ||| BRANDING +1 hand axe of chaos.
  4141 | D:4      | 4141 ||| READING scroll of brand weapon.
  4141 | D:4      | 4141 ||| BRANDING +1 hand axe of venom.
  4142 | D:4      | 4142 ||| DRINKING 2 brown potions.
  4143 | D:4      | 4143 ||| DROPPING 2 scrolls of summoning.
  4171 | D:5      | Entered Level 5 of the Dungeon
  4209 | D:5      | Identified the +7 dagger of the Hurling Gods {flame, *Slow
                  | rC+ Will+++ SInv}
  4401 | D:5      | 4401 ||| INVOKING Heroism.
  4406 | D:5      | Reached skill level 1 in Invocations
  4406 | D:5      | Reached XP level 7. HP: 27/40 MP: 8/11
  4525 | D:5      | Reached skill level 3 in Fighting
  4569 | D:5      | 4569 ||| INVOKING Heroism.
  4624 | D:5      | Reached skill level 3 in Armour
  4689 | D:5      | Found a shimmering blue altar of Sif Muna.
  4986 | D:5      | 4986 ||| DROPPING scarf of invisibility.
  4987 | D:5      | 4987 ||| UPGRADING to +6 ring of strength.
  4989 | D:5      | 4989 ||| UPGRADING to +6 ring of dexterity.
  4991 | D:5      | 4991 ||| DROPPING ring of resist corrosion.
  4992 | D:5      | 4992 ||| READING scroll labelled FIDUTE AMALOHORR.
  4993 | D:5      | 4993 ||| READING scroll labelled AREAZU YWEFAI.
  4994 | D:5      | 4994 ||| READING 3 scrolls of identify.
  4994 | D:5      | 4994 ||| IDENTIFYING coppery potion
  4995 | D:5      | 4995 ||| READING 2 scrolls of identify.
  4995 | D:5      | 4995 ||| IDENTIFYING murky amethyst potion
  4996 | D:5      | 4996 ||| DROPPING potion of berserk rage.
  5025 | D:6      | 5025 ||| INVOKING Heroism.
  5026 | D:6      | 5026 ||| STAIRDANCE
  5108 | D:6      | 5108 ||| INVOKING Heroism.
  5109 | D:6      | 5109 ||| INVOKING Heroism.
  5114 | D:6      | Reached skill level 3 in Dodging
  5114 | D:6      | Reached XP level 8. HP: 41/46 MP: 9/12
  5153 | D:6      | 5153 ||| INVOKING Heroism.
  5161 | D:6      | Reached skill level 3 in Invocations
  5212 | D:6      | Found a staircase to the Ecumenical Temple.
  5279 | D:6      | Reached skill level 8 in Axes
  5337 | D:6      | Reached ** piety under Okawaru
  5478 | D:6      | Found Cunoch's General Store.
  5479 | D:6      | Found Tieqic's Armour Boutique.
  5479 | D:6      | Found Teusualu's Magic Scroll Shop.
  5480 | D:6      | Found Emussoo's Magic Scroll Boutique.
  5484 | D:6      | 5484 ||| SHOPLISTING +0 plate armour (276 gold, have 95).
  5486 | D:6      | 5486 ||| BUYING scroll of identify (28 gold).
  5486 | D:6      | Bought a scroll of identify for 28 gold pieces
  5486 | D:6      | 5486 ||| BUYING scroll of teleportation (42 gold).
  5486 | D:6      | Bought a scroll of teleportation for 42 gold pieces
  5488 | D:6      | 5488 ||| SHOPLISTING 2 scrolls of enchant weapon (180 gold,
                  | have 25).
  5488 | D:6      | 5488 ||| SHOPLISTING scroll of enchant armour (90 gold,
                  | have 25).
  5488 | D:6      | 5488 ||| BUYING scroll of identify (24 gold).
  5488 | D:6      | Bought a scroll of identify for 24 gold pieces
  5488 | D:6      | 5488 ||| SHOPLISTING scroll of identify (24 gold, have 1).
  5488 | D:6      | 5488 ||| SHOPLISTING scroll of teleportation (36 gold, have
                  | 1).
  5493 | D:6      | 5493 ||| SHOPLISTING scroll of enchant weapon (75 gold,
                  | have 1).
  5493 | D:6      | 5493 ||| SHOPLISTING scroll of identify (20 gold, have 1).
  5537 | D:6      | 5537 ||| INVOKING Heroism.
  5538 | D:6      | 5538 ||| Stepping ~*~*~tactically~*~*~ (cloud).
  5569 | D:6      | 5569 ||| FLEEEEING.
  5590 | D:6      | 5590 ||| INVOKING Heroism.
  5592 | D:6      | 5592 ||| Stepping ~*~*~tactically~*~*~ (cloud).
  5602 | D:6      | Reached skill level 9 in Axes
  5602 | D:6      | 5602 ||| Stepping ~*~*~tactically~*~*~ (cloud).
  5724 | D:6      | 5724 ||| Stepping ~*~*~tactically~*~*~ (stealth).
  5725 | D:6      | 5725 ||| INVOKING Heroism.
  5727 | D:6      | 5727 ||| Stepping ~*~*~tactically~*~*~ (hiding).
  5738 | D:6      | 5738 ||| Stepping ~*~*~tactically~*~*~ (hiding).
  5831 | D:6      | 5831 ||| INVOKING Heroism.
  5836 | D:6      | HP: 11/46 [electric eel/bolt of electricity (9)]
  5837 | D:6      | 5837 ||| READING 7 scrolls of teleportation.
  5840 | D:6      | Found a glowing silver altar of Zin.
  5951 | D:6      | 5951 ||| INVOKING Heroism.
  6101 | D:6      | 6101 ||| DROPPING +0 flail.
  6137 | D:6      | Found a snail-covered altar of Cheibriados.
  6330 | D:6      | 6330 ||| SWAPPING to +0 war axe.
  6337 | D:6      | 6337 ||| DROPPING +1 vorpal hand axe.
  6377 | D:6      | 6377 ||| UPGRADING to +2 cloak.
  6387 | D:6      | 6387 ||| UPGRADING to +0 plate armour.
  6397 | D:6      | 6397 ||| DROPPING +0 chain mail.
  6398 | D:6      | 6398 ||| DROPPING +0 cloak.
  6399 | D:6      | 6399 ||| READING scroll labelled SAOSIE QEUCLY.
  6539 | D:6      | 6539 ||| READING 3 scrolls of identify.
  6539 | D:6      | 6539 ||| IDENTIFYING viscous red potion
  6540 | D:6      | 6540 ||| READING 2 scrolls of identify.
  6540 | D:6      | 6540 ||| IDENTIFYING white potion
  6541 | D:6      | 6541 ||| DROPPING potion of ambrosia.
  6542 | D:6      | 6542 ||| DROPPING potion of invisibility.
  6556 | D:7      | 6556 ||| INVOKING Heroism.
  6565 | D:7      | 6565 ||| FLEEEEING.
  6566 | D:7      | 6566 ||| FLEEEEING.
  6567 | D:7      | 6567 ||| FLEEEEING.
  6568 | D:7      | 6568 ||| FLEEEEING.
  6569 | D:7      | 6569 ||| STAIRDANCE
  6738 | D:7      | 6738 ||| STAIRDANCE
  6743 | D:7      | 6743 ||| INVOKING Heroism.
  6754 | D:7      | Reached XP level 9. HP: 42/52 MP: 11/13
  6814 | D:7      | 6814 ||| DROPPING +0 flail of protection.
  6841 | D:7      | 6841 ||| INVOKING Heroism.
  6861 | D:7      | 6861 ||| Stepping ~*~*~tactically~*~*~ (hiding).
  6862 | D:7      | 6862 ||| Stepping ~*~*~tactically~*~*~ (hiding).
  6864 | D:7      | 6864 ||| Stepping ~*~*~tactically~*~*~ (hiding).
  6865 | D:7      | 6865 ||| Stepping ~*~*~tactically~*~*~ (hiding).
  6872 | D:7      | Reached skill level 10 in Axes
  7184 | D:7      | Identified the +3 ring mail of Farpham {-Tele rElec rPois
                  | Str+6}
  7191 | D:7      | 7191 ||| INVOKING Heroism.
  7281 | D:7      | 7281 ||| Stepping ~*~*~tactically~*~*~ (stealth).
  7288 | D:7      | 7288 ||| Stepping ~*~*~tactically~*~*~ (stealth).
  7362 | D:7      | 7362 ||| Stepping ~*~*~tactically~*~*~ (stealth).
  7372 | D:7      | 7372 ||| Stepping ~*~*~tactically~*~*~ (stealth).
  7441 | D:7      | Found an ancient bone altar of Kikubaaqudgha.
  7529 | D:7      | 7529 ||| Stepping ~*~*~tactically~*~*~ (hiding).
  7603 | D:7      | 7603 ||| READING scroll of enchant armour.
  7603 | D:7      | 7603 ||| ENCHANTING +0 pair of gloves of strength.
  7615 | D:7      | 7615 ||| READING scroll labelled IHETISUTEL.
  7616 | D:7      | 7616 ||| DRINKING 2 fizzy sapphire potions.
  7617 | D:7      | 7617 ||| READING 2 scrolls of identify.
  7617 | D:7      | 7617 ||| IDENTIFYING red potion
  7618 | D:7      | 7618 ||| DROPPING potion of lignification.
  7625 | D:7      | 7625 ||| Stepping ~*~*~tactically~*~*~ (stealth).
  7627 | D:7      | 7627 ||| INVOKING Heroism.
  7699 | D:8      | 7699 ||| DRINKING 5 potions of curing.
  7699 | D:8      | 7699 ||| (to cure confusion)
  7722 | D:8      | 7722 ||| INVOKING Heroism.
  7724 | D:8      | 7724 ||| Stepping ~*~*~tactically~*~*~ (hiding).
  7771 | D:8      | Found a blossoming altar of Fedhas.
  7798 | D:8      | 7798 ||| INVOKING Heroism.
  7848 | D:8      | Noticed Maggie
  7864 | D:8      | Killed Maggie
  7864 | D:8      | Reached *** piety under Okawaru
  7865 | D:8      | Reached skill level 11 in Axes
  8031 | D:8      | Noticed Maurice
  8044 | D:8      | Killed Maurice
  8045 | D:8      | Reached XP level 10. HP: 40/59 MP: 14/14
  8205 | D:8      | Found a shadowy altar of Dithmenos.
  8340 | D:8      | Found a glowing golden altar of the Shining One.
  8359 | D:8      | 8359 ||| UPGRADING to ring of poison resistance.
  8361 | D:8      | 8361 ||| UPGRADING to +6 ring of strength.
  8363 | D:8      | 8363 ||| DRINKING 2 puce potions.
  8364 | D:8      | 8364 ||| DRINKING 2 blue potions.
  8365 | D:8      | 8365 ||| READING 2 scrolls of identify.
  8365 | D:8      | 8365 ||| IDENTIFYING bubbling coppery potion
  8366 | D:8      | 8366 ||| DROPPING potion of flight.
  8367 | D:8      | 8367 ||| DROPPING potion of degeneration.
  8414 | D:9      | 8414 ||| Stepping ~*~*~tactically~*~*~ (stealth).
  8415 | D:9      | 8415 ||| INVOKING Heroism.
  8425 | D:9      | Reached skill level 12 in Axes
  8604 | D:9      | 8604 ||| DRINKING 4 potions of curing.
  8604 | D:9      | 8604 ||| (to cure confusion)
  8607 | D:9      | 8607 ||| DRINKING 3 potions of curing.
  8607 | D:9      | 8607 ||| (to cure confusion)
  8608 | D:9      | HP: 13/59 [something (5)]
  8609 | D:9      | HP: 5/59 [something (9)]
  8609 | D:9      | HP: 1/59 [something (4)]
  8610 | D:9      | Mangled by a vampire

Levels and vault maps discovered:
D:1:      dpeg_arrival_castle, layout_loops_ring, serial_shops, shop,
          nicolae_shop_advertising_works [nicolae_subvault_shop_adworks], shop,
          shop
D:2:      layout_loops_ring, minivault_25
D:3:      layout_loops_ring, shapermc_ecumenical_altar_petra,
          minmay_diced_spiral
D:4:      minmay_spotlight, layout_basic, nicolae_gozag_seed_capital,
          mainiacjoe_overflow_six_doors_small, okawaru_metal_pillars_3,
          mainiacjoe_overflow_cross_hatched, trog_wizard,
          gammafunk_temple_overflow_statue, serial_shops, kennysheep_mini,
          minmay_ruined_shrine
D:5:      layout_gridville, kennysheep_orc_sif_temple, serial_rivers,
          chequers_serial_rivers_small_3, chequers_serial_rivers_room_b,
          chequers_serial_rivers_large_a, chequers_serial_rivers_small_3
D:6:      layout_cave_pools, kennysheep_little_box, old_standard_altar,
          minmay_temple_entry_gardened_gates, minivault_14,
          minmay_misc_feat_enclosed, nrook_campfire, nicolae_wooded_promenade
D:7:      layout_rooms, kennysheep_vampire_church
D:8:      layout_cave_pools, mainiacjoe_overflow_concentric_impassable,
          fedhas_altar_3, grunt_dithmenos_shadows, uniq_maurice, uniq_maggie
D:9:      layout_roguey, uniq_pikel

Skill      XL: |  1  2  3  4  5  6  7  8  9 10 |
---------------+-------------------------------+-----
Axes           | 3 4 5 6 7 9 11 12 | 12.0
Armour         | 2 3 4 5 |  5.1
Invocations    | 1 2 4 |  4.0
Fighting       | 3 4 5 |  5.3
Dodging        | 3 4 |  4.1
Throwing       | |  1.0
Spellcasting   | |  2.0
Translocations | |  2.4

Action                   |  1- 3 |  4- 6 |  7- 9 | 10-12 || total
-------------------------+-------+-------+-------+-------++-------
Melee: Hand axe          |   105 |   110 |   102 |       ||   317
       Kick              |    23 |    28 |    77 |    11 ||   139
       Peck              |    14 |    21 |    36 |     4 ||    75
       Punch             |     3 |     2 |     3 |     1 ||     9
       War axe           |       |       |   132 |    27 ||   159
Throw: Boomerang         |     7 |       |       |       ||     7
Invok: Heroism           |       |     1 |    16 |     1 ||    18
  Use: Scroll            |     4 |     7 |    11 |     1 ||    23
       Potion            |     1 |     3 |     2 |     4 ||    10
Armor: Leather armour    |     6 |       |       |       ||     6
       Scale mail        |    32 |     1 |       |       ||    33
       Chain mail        |       |    18 |    36 |       ||    54
       Plate armour      |       |       |    67 |    12 ||    79
Dodge: Dodged            |    38 |    33 |    97 |     3 ||   171
Block: Other             |       |    11 |    38 |     2 ||    51
       Reflection        |       |     2 |     4 |       ||     6

Table legend:
 A = Non-vault XP
 B = Vault XP
 C = Vault XP percentage of total XP
 D = Non-vault monster count
 E = Vault monster count
 F = Vault count percentage of total count
                 A         B        C        D         E       F
            +---------+---------+-------+---------+---------+-------
      Total |    3845 |    1159 |  23.2 |     148 |      29 |  16.4
            +---------+---------+-------+---------+---------+-------
        D:1 |      38 |       0 |   0.0 |      21 |       0 |   0.0
        D:2 |      42 |       0 |   0.0 |      19 |       0 |   0.0
        D:3 |      12 |       9 |  42.9 |       6 |       6 |  50.0
        D:4 |     383 |      56 |  12.8 |      19 |      11 |  36.7
        D:5 |     533 |       3 |   0.6 |      10 |       1 |   9.1
        D:6 |    1119 |       0 |   0.0 |      23 |       0 |   0.0
        D:7 |     980 |     122 |  11.1 |      30 |       8 |  21.1
        D:8 |     634 |     969 |  60.4 |      13 |       3 |  18.8
        D:9 |     104 |       0 |   0.0 |       7 |       0 |   0.0
            +---------+---------+-------+---------+---------+-------
